cohdb
Replays
Latest Replays
All Replays
Popular Replays
Top Player Replays
Match Explorer
How It Works
Community
CoH3 Stats
Reddit
Sign in to upload your games and track your stats! →
Sign in with Steam
Match 43406663
Unlisted
Match 43406663
Overview
Messages
Build Orders
End
Panzerpioneer Squad
Panzergrenadier Squad
Selects Battlefield Espionage Battlegroup
Construct Light Support Kompanie
2.5-tonne Medical Truck
MG34 Team
Selects Intel Disruption Beacon
Combat Half-tracks
Fire Support Elements
Pak 38 Mechanized Group
Construct Mechanized Kompanie
254 Reconnaissance Tractor
Selects 250/3 Funkpanzerwagen
MG34 Team
Selects Anti-Tank Incendiary Munitions
Pak 38 Mechanized Group
Door
NightGoDt
돈이사라지는마술
皮皮
B1t
子清
김문상
Legionary
0
0
Comments
sign in to comment!
No comments posted yet!